 Dungeon Crawl Stone Soup version 0.27-a0-887-gcab673c142 (webtiles) character file.

Game seed: 14602846842099172062

16681 jasper the Thaumaturge (level 12, -8/68 HPs)
             Began as a Deep Elf Conjurer on Apr 4, 2021.
             Was an Elder of Sif Muna.
             Mangled by a boulder beetle (59 damage)
             ... on level 11 of the Dungeon.
             The game lasted 00:21:46 (14634 turns).

jasper the Thaumaturge (Deep Elf Conjurer)         Turns: 14634, Time: 00:21:47

Health: -8/68      AC:  7    Str:  4    XL:     12   Next: 12%
Magic:  12/30      EV: 15    Int: 29    God:    Sif Muna [****..]
Gold:   456        SH:  5    Dex: 13    Spells: 11/36 levels left

rFire    . . .     SeeInvis .   f - staff of conjuration
rCold    . . .     Faith    .   (no shield)
rNeg     . . .     Spirit   .   E - +2 robe {Archmagi}
rPois    .         Reflect  +   (no helmet)
rElec    .         Harm     .   (no cloak)
rCorr    .         Rampage  .   i - +1 pair of gloves
Will     ++...                  d - +0 pair of boots
Stlth    ++........             H - amulet of reflection
HPRegen  0.21/turn              p - ring of willpower
MPRegen  0.22/turn              (no ring)

@: no status effects
A: no striking features
a: Renounce Religion, Channel Magic, Forget Spell, Divine Exegesis


You were on level 11 of the Dungeon.
You worshipped Sif Muna.
Sif Muna was greatly pleased with you.
You visited 3 branches of the dungeon, and saw 13 of its levels.

You collected 862 gold pieces.
You spent 406 gold pieces at shops.

Inventory:

Hand Weapons
 l - a +1 flail of holy wrath
 w - a +1 short sword of protection
Missiles
 y - 4 atropa-tipped darts
 G - 2 curare-tipped darts
Armour
 a - a +0 robe
 d - a +0 pair of boots (worn)
 i - a +1 pair of gloves (worn)
 s - a +2 robe of willpower
 u - a +2 robe of resistance
 A - +0 steam dragon scales
 E - a +2 robe of the Archmagi (worn)
Magical Staves
 f - a staff of conjuration (weapon)
 m - a staff of poison
Jewellery
 p - a ring of willpower (left hand)
 H - an amulet of reflection (around neck)
 I - an amulet of faith
Wands
 t - a wand of digging (1)
 v - a wand of flame (25)
 C - a wand of polymorph (8)
Scrolls
 k - a scroll of enchant armour
 q - a scroll of blinking
 B - 3 scrolls of identify
 D - 2 scrolls of enchant weapon
 F - a scroll of amnesia
Potions
 b - 5 potions of curing
 c - 2 potions of ambrosia
 e - 2 potions of cancellation
 g - 5 potions of brilliance
 h - a potion of haste
 j - 3 potions of degeneration
 n - 3 potions of might
 o - a potion of invisibility
 r - a potion of lignification {unknown}
 x - 3 potions of attraction {unknown}
 z - a potion of flight {unknown}


   Skills:
 + Level 5.5 Fighting
 + Level 8.5 Dodging
 - Level 2.4 Stealth
 * Level 12.9 Spellcasting
 + Level 12.4 Conjurations
 - Level 4.0 Hexes
 - Level 4.0 Translocations
 - Level 2.0 Transmutations
 - Level 2.0 Fire Magic
 - Level 4.0 Poison Magic
 + Level 7.0 Invocations


You had 11 spell levels left.
You knew the following spells:

 Your Spells              Type           Power      Damage    Failure   Level
a - Magic Dart            Conj           100%       1d8       0%          1
b - Searing Ray           Conj           100%       3d7       1%          2
c - Fulminant Prism       Conj/Hex       49%        3d21      1%          4
d - Iskenderun's Mystic   Conj/Tloc      99%        2d19      1%          4
e - Slow                  Hex            58%        N/A       1%          2
f - Blink                 Tloc           N/A        N/A       1%          2
g - Mephitic Cloud        Conj/Pois/Air  85%        N/A       1%          3
h - Ignite Poison         Fire/Tmut/Pois 50%        N/A       2%          3
i - Olgreb's Toxic Radia  Pois           58%        N/A       5%          4

Your spell library contained the following spells:

 Spells                   Type           Power      Damage    Failure   Level
 Sting                    Tmut/Pois      100%       1d8       1%          1
 Poisonous Vapours        Pois/Air       90%        N/A       1%          2
 Conjure Flame            Conj/Fire      94%        6-21      1%          3
 Dazzling Flash           Conj/Hex       100%       N/A       1%          3
 Freeze                   Ice            100%       1d11      2%          1
 Hailstorm                Conj/Ice       89%        3d18      2%          4
 Call Imp                 Summ           28%        N/A       4%          2
 Frozen Ramparts          Ice            56%        1d7       9%          3
 Ozocubu's Armour         Ice            28%        N/A       9%          3
 Summon Ice Beast         Ice/Summ       28%        N/A       28%         4


Dungeon Overview and Level Annotations

Branches:
Dungeon (11/15)            Temple (1/1) D:4            Lair (1/6) D:9
    Orc (0/2) D:11

Altars:
Ashenzari
Cheibriados
Dithmenos
Elyvilon
Fedhas
Gozag
Hepliaklqana
Kikubaaqudgha
Makhleb
Nemelex Xobeh
Okawaru
Qazlal
Ru
Sif Muna
Trog
Uskayaw
Vehumet
Wu Jian
Xom
Yredelemnul
Zin
The Shining One

Shops:
D:2 [   D:4 =   D:6 !

Annotations:
D:5 2 runed translucent doors, 2 transporters, mdonais's ghost, novice DjWz


Message History

Press: ? - help, Q - select action, (/) - cycle Shift-Dir - straight line, f - centaur warrior simulacrum
Aim: a centaur warrior simulacrum (0% to evade)
You feel a strong surge of power!
The magic dart hits the centaur warrior simulacrum.
The centaur warrior simulacrum is lightly damaged.
Your fulminant prism crackles loudly.
Aiming: Magic Dart (safe; 1% risk of failure)
Press: ? - help, Q - select action, (/) - cycle Shift-Dir - straight line, f/p - centaur warrior simulacrum
Aim: a centaur warrior simulacrum (lightly damaged, 0% to evade)
You feel a strong surge of power!
The magic dart hits the centaur warrior simulacrum but does no damage.
The centaur warrior simulacrum is lightly damaged.
Your fulminant prism explodes!
The blast of energy engulfs the centaur warrior simulacrum!!
The centaur warrior simulacrum is almost destroyed.
You hear a shout!
You hear an angry hiss.
You now have 10/30 mp.
Aiming: Magic Dart (safe; 1% risk of failure)
Press: ? - help, Q - select action, (/) - cycle Shift-Dir - straight line, f/p - centaur warrior simulacrum
Aim: a centaur warrior simulacrum (almost destroyed, 0% to evade)
You feel a strong surge of power!
The magic dart hits the centaur warrior simulacrum.
The centaur warrior simulacrum vapourises!
Sif Muna accepts your kill.
You now have 9/30 mp.
A boulder beetle comes into view.
You regained 6 mp, and now have 15/30 mp.
Casting: Magic Dart (safe; 0% risk of failure)
Confirm with . or Enter, or press ? or * to list all spells.
You feel a surge of power!
You begin to radiate toxic energy.
The boulder beetle is poisoned.
The boulder beetle bites you!!
You take 18 damage, and have 50/68 hp.
MASSIVE DAMAGE!!
You now have 11/30 mp.
The boulder beetle curls into a ball and begins rolling!
Your toxic aura wanes.
You see here a boulder beetle corpse.
Things that are here:
a +0 dagger; a +0 robe The boulder beetle hits you!!!
Ouch! That really hurt!
You die...

#.######## ###########
#.##.....#
..........#####.#......##
......................).##
..#####################..#
..# ....###.#.#.#. #..#####
..# #...#.#.#.#$# #..))..#
#.# ...#.#.#.#.# #.####.#
#.# #.##.#@#B# #.# #.# #.#
#..#.#B#○# #.# #.# #.#
##.#.#.#○#(# #.# #.# #.#
##..#.#.#.#.# #.####.# #.#
###...##.#.#.#. #......# #.#
#....###.#.#.#.##.######
#.#####.#########.#####.#.##
#.#.#.....#.# .# #....######
#.#...###..## #. #..<.......


You could see a boulder beetle (poisoned).

Vanquished Creatures
  Snorg (D:10)
  Erolcha (D:9)
  A boulder beetle (D:11)
  4 two-headed ogres
  Erica (D:9)
  A harpy (shapeshifter) (D:10)
  Pikel (D:3)
  A cyclops (D:11)
  A kobold demonologist (D:11)
  A komodo dragon (Lair:1)
  A troll (D:11)
  Prince Ribbit (D:9)
  Sigmund (D:4)
  A shadow (D:9)
  A centaur simulacrum (D:11)
  A wraith (D:9)
  3 wyverns
  11 yaks
  A basilisk (D:9)
  3 vampire mosquitoes (D:9)
  Grum (D:11)
  A steam dragon (D:8)
  Menkaure (D:4)
  A water moccasin (D:7)
  7 orc warriors
  A sky beast (D:6)
  4 black bears
  A hornet zombie (D:6)
  3 necrophages
  3 ogres
  2 lemures (D:4)
  6 centaurs
  2 wolves (D:11)
  A phantom (D:7)
  5 kobold brigands
  4 bullfrogs
  5 gnoll sergeants (D:11)
  2 scorpions (D:4)
  A wyvern skeleton (D:6)
  6 howler monkeys
  8 wights
  6 centaur zombies
  3 hounds
  A gnoll shaman (D:7)
  3 iron imps (D:3)
  A jelly (D:5)
  7 orc priests
  A bullfrog skeleton (D:6)
  A centaur skeleton (D:7)
  2 iguanas
  10 orc wizards
  A hound zombie (D:5)
  6 gnolls
  3 adders (D:3)
  A shadow imp (D:7)
  2 white imps (D:5)
  2 adder skeletons (D:4)
  A worm (D:2)
  4 dart slugs
  32 orcs
  8 endoplasms
  6 giant cockroaches
  6 goblins
  4 hobgoblins
  9 jackals
  3 quokkas
  5 ball pythons
  2 bats
  9 frilled lizards
  16 kobolds
  7 rats
264 creatures vanquished.

Vanquished Creatures (others)
  3 fulminant prisms
  6 plants (D:5)
9 creatures vanquished.

Grand Total: 273 creatures vanquished

Notes
Turn   | Place    | Note
-------+----------+-------------------------------------------
     0 | D:1      | jasper the Deep Elf Conjurer began the quest for the Orb.
     0 | D:1      | Reached XP level 1. HP: 10/10 MP: 6/6
   195 | D:1      | Found a faded altar of an unknown god.
   521 | D:1      | Reached XP level 2. HP: 14/15 MP: 1/8
   704 | D:1      | Reached skill level 5 in Conjurations
   739 | D:1      | Learned a level 2 spell: Searing Ray
  1506 | D:2      | Reached XP level 3. HP: 19/19 MP: 6/9
  1629 | D:2      | Found Geadutac's Armour Boutique.
  1649 | D:2      | Bought a +0 pair of gloves for 54 gold pieces
  2253 | D:3      | Found a stormy altar of Qazlal.
  2272 | D:3      | Reached XP level 4. HP: 24/24 MP: 5/10
  2279 | D:3      | Learned a level 4 spell: Fulminant Prism
  2691 | D:3      | Found a snail-covered altar of Cheibriados.
  3176 | D:3      | Found a burning altar of Makhleb.
  3180 | D:3      | Reached XP level 5. HP: 28/28 MP: 7/11
  3443 | D:4      | Reached XP level 6. HP: 32/32 MP: 7/12
  3448 | D:4      | Learned a level 4 spell: Iskenderun's Mystic Blast
  3560 | D:4      | Found Ipoty's Jewellery Shop.
  3583 | D:4      | Bought a ring of willpower for 275 gold pieces
  3675 | D:4      | Noticed Sigmund
  3681 | D:4      | Killed Sigmund
  4010 | D:4      | Reached XP level 7. HP: 36/36 MP: 6/13
  4136 | D:4      | Found an opulent altar of Gozag.
  4164 | D:4      | Found a glowing silver altar of Zin.
  4265 | D:4      | Found an iron altar of Okawaru.
  4485 | D:4      | Noticed Pikel
  4587 | D:3      | Killed Pikel
  4588 | D:3      | Reached skill level 10 in Conjurations
  4588 | D:3      | Reached XP level 8. HP: 27/41 MP: 5/14
  4961 | D:4      | Found a staircase to the Ecumenical Temple.
  4976 | Temple   | Entered the Ecumenical Temple
  5248 | D:4      | Noticed Menkaure
  5252 | D:4      | Killed Menkaure
  5319 | D:5      | Entered Level 5 of the Dungeon
  5332 | D:5      | Learned a level 2 spell: Slow
  5605 | D:5      | Found a runed translucent door.
  5607 | D:5      | Found a runed translucent door.
  5711 | D:5      | Identified the ring "Ismaotas" {*Slow Int+6 Dex+3 SInv}
  5715 | D:5      | Found a transporter.
  5716 | D:5      | Found a transporter.
  5792 | D:5      | Noticed mdonais's ghost (novice DjWz)
  6130 | D:5      | Found a shimmering blue altar of Sif Muna.
  6133 | D:5      | Found a glowing golden altar of the Shining One.
  6141 | D:5      | Reached skill level 1 in Fighting
  6141 | D:5      | Reached skill level 5 in Spellcasting
  6332 | D:5      | Became a worshipper of Sif Muna the Loreminder
  6366 | D:5      | Learned a level 2 spell: Blink
  6428 | D:6      | Reached skill level 1 in Invocations
  6503 | D:6      | Found Emis's Distillery.
  6506 | D:6      | Bought a potion of brilliance for 44 gold pieces
  6506 | D:6      | Bought a potion of curing for 33 gold pieces
  6902 | D:6      | Found a radiant altar of Vehumet.
  6957 | D:5      | Identified a scroll of acquirement
  6957 | D:5      | Acquired a staff of conjuration
  7017 | D:6      | Reached XP level 9. HP: 48/48 MP: 8/20
  7021 | D:6      | Learned a level 3 spell: Mephitic Cloud
  7609 | D:6      | Learned a level 3 spell: Ignite Poison
  7802 | D:7      | Reached skill level 1 in Transmutations
  7802 | D:7      | Reached skill level 1 in Fire Magic
  7920 | D:7      | Reached skill level 1 in Poison Magic
  7932 | D:7      | Reached * piety under Sif Muna
  8276 | D:7      | Reached skill level 5 in Dodging
  8746 | D:7      | Reached XP level 10. HP: 56/56 MP: 7/24
  8751 | D:7      | Learned a level 4 spell: Olgreb's Toxic Radiance
  9185 | D:7      | Found an ancient bone altar of Kikubaaqudgha.
  9570 | D:8      | Reached ** piety under Sif Muna
 10448 | D:9      | Found a hazy altar of Hepliaklqana.
 10991 | D:9      | Noticed Erolcha
 11002 | D:9      | Killed Erolcha
 11003 | D:9      | Reached skill level 10 in Spellcasting
 11263 | D:9      | Noticed Prince Ribbit
 11271 | D:9      | Killed Prince Ribbit
 11538 | D:9      | Reached skill level 5 in Invocations
 11624 | D:9      | Found a staircase to the Lair.
 11814 | D:9      | Reached XP level 11. HP: 31/61 MP: 12/27
 11878 | D:9      | Noticed a two-headed ogre
 11885 | D:9      | Killed a two-headed ogre
 12319 | D:9      | Noticed Erica
 12326 | D:9      | Killed Erica
 12438 | Lair:1   | Entered Level 1 of the Lair of Beasts
 12540 | D:10     | Entered Level 10 of the Dungeon
 12553 | D:10     | Noticed a harpy
 12559 | D:10     | Killed a harpy
 12701 | D:10     | Reached *** piety under Sif Muna
 12892 | D:10     | Noticed Snorg
 12901 | D:10     | Killed Snorg
 13089 | D:10     | Found a shimmering altar of Xom.
 13415 | D:10     | Identified the +4 war axe "Qoqijy" {flame, Str+4}
 13556 | D:11     | Noticed a two-headed ogre
 13562 | D:11     | Killed a two-headed ogre
 13724 | D:11     | Found a staircase to the Orcish Mines.
 13727 | D:11     | Reached skill level 5 in Fighting
 13868 | D:11     | Noticed Grum
 13874 | D:11     | Killed Grum
 14215 | D:11     | Noticed a two-headed ogre
 14233 | D:11     | Killed a two-headed ogre
 14307 | D:11     | Noticed a two-headed ogre
 14338 | D:11     | Killed a two-headed ogre
 14520 | D:11     | Noticed a boulder beetle
 14524 | D:11     | Reached XP level 12. HP: 68/68 MP: 23/30
 14585 | D:11     | Reached **** piety under Sif Muna
 14589 | D:11     | Killed a boulder beetle
 14629 | D:11     | Noticed a boulder beetle
 14634 | D:11     | Mangled by a boulder beetle

Illustrated notes

Levels and vault maps discovered:
D:1:      roderic_octagonal_star, layout_loops_corners,
          ebering_ecumenical_altar_sacrificial
D:2:      layout_rooms, serial_shops, shop_coins, minmay_pentomino_pile
D:3:      layout_basic, amcnicky_altar_gilded, lemuel_doored_altar, demons_altar
D:4:      layout_gridville, pdpol_temple_overflow_zin_treasury_gozag_greed,
          okawaru_ov_weapons_minmay, temple_hall, serial_shops, shop,
          minivault_26, uniq_menkaure, uniq_sigmund, uniq_pikel
D:5:      lemuel_insect_pit, layout_rooms, minitemple,
          gammafunk_ghost_gnarly_gnolls
D:6:      layout_cave_pools, nicolae_vehumet_altar_sigil, serial_shops,
          kennysheep_mini_moat, minmay_crystal_water, corexii_leaking_fountain,
          chequers_decorated_corner
D:7:      layout_loops_ring, kennysheep_mini, minivault_23,
          minmay_joined_circles
D:8:      layout_rooms
D:9:      layout_stronghold, nicolae_hepliaklqana_hazy_memory,
          david_lair_generic, uniq_prince_ribbit1, uniq_erica, uniq_erolcha
D:10:     layout_gridville, general_overflow_altar, uniq_snorg
D:11:     regret_index_bee_streams, layout_loops_corners,
          kennysheep_orc_monster_closet_entryway, minmay_the_grid_2x2
          [minmay_the_grid_mess, minmay_the_grid_dragon_a,
          minmay_the_grid_stretched_grid, minmay_the_grid_prize_big_room],
          uniq_grum, uniq_harold, uniq_maurice
Temple:   jpeg_temple_alley_garden
Lair:1:   layout_regular_city, bh_autumn_forest_stairs, beast_lair_carwin_3,
          minmay_lair_oklob_chamber

Skill      XL: |  1  2  3  4  5  6  7  8  9 10 11 12 |
---------------+-------------------------------------+-----
Conjurations   | 5 6 7 8 9 10 11 12 | 12.4
Hexes          | 3 4 |  4.0
Translocations | 2 4 |  4.0
Spellcasting   | 6 8 10 12 | 12.9
Dodging        | 3 5 6 8 |  8.5
Fighting       | 1 3 4 5 |  5.5
Invocations    | 1 3 5 6 7 |  7.0
Transmutations | 2 |  2.0
Fire Magic     | 2 |  2.0
Poison Magic   | 2 4 |  4.0
Stealth        | |  2.4

Action                   |  1- 3 |  4- 6 |  7- 9 | 10-12 || total
-------------------------+-------+-------+-------+-------++-------
Melee: Staff             |       |       |       |     4 ||     4
 Cast: Magic Dart        |    92 |    66 |   112 |    86 ||   356
       Searing Ray       |     1 |    14 |    52 |    49 ||   116
       Fulminant Prism   |       |       |     2 |     1 ||     3
       Slow              |       |       |     3 |       ||     3
       Blink             |       |       |     2 |       ||     2
       Mephitic Cloud    |       |       |     6 |    11 ||    17
       Ignite Poison     |       |       |     4 |    20 ||    24
       Olgreb's Toxic Ra |       |       |       |    33 ||    33
       Iskenderun's Myst |       |       |       |     4 ||     4
  Use: Scroll            |       |       |    11 |     6 ||    17
Armor: Robe              |     1 |     2 |     8 |    36 ||    47
Dodge: Dodged            |     4 |     1 |    32 |    63 ||   100
Block: Other             |       |       |       |     2 ||     2

Table legend: (Time is in decaauts)
 A = Elapsed time spent in this place.
 B = Non-inter-level travel time spent in this place.
 C = Inter-level travel time spent in this place.
 D = Time resting spent in this place.
 E = Time spent auto-exploring this place.
 F = Levels seen in this place.
 G = Mean time per level.
                   A        B        C        D        E       F      G
               +--------+--------+--------+--------+--------+-----+--------+
         Total |  14655 |  14170 |    485 |   2260 |  10254 |  13 | 1127.3 |
       Dungeon |  14360 |  13910 |    450 |   2190 |  10116 |  11 | 1305.5 |
        Temple |    212 |    177 |     35 |      0 |    136 |   1 |  212.0 |
          Lair |     81 |     81 |      0 |     70 |      2 |   1 |   81.0 |
               +--------+--------+--------+--------+--------+-----+--------+

Top non-repeatable levels by time:
     D:9: 2167 daAuts
     D:7: 1951 daAuts
     D:4: 1495 daAuts
     D:5: 1415 daAuts
     D:1: 1406 daAuts
     D:3: 1364 daAuts
    D:11: 1091 daAuts
    D:10: 1007 daAuts
     D:6: 923 daAuts
     D:2: 893 daAuts
     D:8: 644 daAuts
  Temple: 212 daAuts
  Lair:1: 81 daAuts
